Map: Ruines de Seras

Players

Faith - Winner!

  • Race: Zerg Zerg
  • League: Master

Frutiger

  • Race: Zerg Zerg
  • League: Grandmaster

VOD

Have the link to the VOD?

Description

Time

  • Played on: Jan. 23, 2016, 5:47 a.m.
  • Length: 5:34
Show
View Real Time Build Order
Export as new Build Order

Faith Zerg - Winner!

Build Orders: Pool First, Zergling Baneling 

Get SALT Encoding   

  12  0:01  Drone  
  13  0:09  Extractor  
  13  0:13  Drone  
  13  0:32  Spawning Pool  
  13  0:35  Drone  
  13  0:42  Drone  
  14  0:52  Overlord  
  14  1:19  Metabolic Boost, Zergling x6  
  17  1:30  Zergling x2  
  18  1:38  Baneling Nest  
  17  1:41  Zergling x2  
  18  1:47  Queen  
  21  1:54  Zergling x2  
  21  2:02  Overlord  
  21  2:13  Zergling x2  
  22  2:22  Baneling x2  
  22  2:26  Zergling x2  
  22  2:28  Baneling x2  
  23  2:35  Zergling x2  
  23  2:45  Zergling x2  
  24  3:02  Zergling x8  
  26  3:17  Zergling x2  
  24  3:30  Baneling x2  
  24  3:32  Baneling  
  24  3:35  Hatchery, Baneling  
  24  3:37  Baneling  
  24  3:40  Baneling  
  23  3:49  Zergling x2  
  23  3:51  Zergling x2  
  24  4:09  Zergling x4  
  24  4:10  Zergling x2  
  22  4:17  Baneling x2  
  22  4:18  Baneling  
  22  4:21  Drone  
  23  4:26  Baneling  
  23  4:28  Zergling x2  
  21  4:46  Zergling x6  
  24  4:56  Baneling x2  
  24  4:57  Zergling x2  
  24  4:58  Zergling x2  
  21  5:15  Zergling x4  
Show
View Real Time Build Order
Export as new Build Order

Frutiger Zerg 

Build Orders: Hatch First 

Get SALT Encoding   

  12  0:01  Drone  
  13  0:08  Drone  
  14  0:18  Drone, Extractor  
  15  0:40  Hatchery  
  14  0:45  Drone, Extractor  
  15  0:51  Overlord  
  15  1:07  Spawning Pool  
  15  1:09  Drone  
  15  1:14  Drone  
  16  1:18  Drone  
  16  1:21  Extractor  
  16  1:24  Drone  
  17  1:31  Drone  
  18  1:43  Overlord  
  18  1:53  Queen  
  20  1:58  Queen  
  22  2:02  Drone  
  22  2:06  Zergling x2  
  24  2:09  Drone  
  24  2:12  Drone  
  24  2:15  Drone  
  27  2:19  Drone  
  28  2:27  Spine Crawler  
  27  2:36  Zergling x2  
  28  2:37  Zergling x4  
  27  2:51  Queen  
  27  2:52  Zergling x4  
  27  2:55  Zergling x2  
  31  3:09  Zergling x4  
  31  3:10  Zergling x6  
  30  3:22  Zergling x2  
  30  3:25  Overlord  
  30  3:27  Overlord  
  31  3:50  Queen  
  31  3:51  Baneling Nest, Zergling x6  
  31  4:07  Zergling x4  
  31  4:08  Zergling x2  
  28  4:15  Zergling x2  
  28  4:16  Spine Crawler  
  24  4:39  Zergling x4  
  14  4:49  Zergling x2  
  16  4:57  Baneling x2  
  16  4:58  Zergling x2  
  13  5:27  Spine Crawler  
Tags
 
Add a new tag
Caveats
  • Supply blocks, unpowered buildings, or Contaminate may cause inaccurate times.
  • Supply counts are checked every 10 seconds.